 Dungeon Crawl Stone Soup version 0.31.0-9-g3a7656b989 (webtiles) character file.

Game seed: 11338540837414563305

688 qw the Skirmisher (level 7, -2/39 (40) HPs)
             Began as a Deep Elf Hunter on Feb 2, 2024.
             Incinerated by a bombardier beetle (4 damage)
             ... with a burning spray
             ... on level 5 of the Dungeon.
             The game lasted 00:00:17 (3932 turns).

qw the Skirmisher (Deep Elf Hunter)                 Turns: 3932, Time: 00:00:18

HP:   -2/39 (40)    AC:  8    Str:  9    XL:     7   Next: 36%
MP:   9/9           EV: 12    Int: 13    God:
Gold: 220           SH:  0    Dex: 22    Spells: 6/6 levels left

rFire   . . .        a - +0 shortbow (heavy)
rCold   . . .        (shield currently unavailable)
rNeg    . . .        g - +0 ring mail
rPois   .            (no helmet)
rElec   .            f - +0 cloak
rCorr   .            (no gloves)
SInv    .            (no boots)
Will    .....        (no amulet)
Stlth   +            (no ring)
HPRegen 0.26/turn    (no ring)
MPRegen 0.11/turn

%: no passive effects
@: on fire, glowing, lightly drained
A: hooves 1, iridescent scales 1, agile 1
a: no special abilities


You were on level 5 of the Dungeon.
You visited 1 branch of the dungeon, and saw 5 of its levels.

You collected 220 gold pieces.


Innate Abilities, Weirdness & Mutations

You have large cloven feet.
You are partially covered in iridescent scales. (AC +2)
You are agile. (Dex +4, Str/Int -1)


   Skills:
 - Level 2.0 Fighting
 + Level 10.6 Ranged Weapons
 - Level 2.0 Armour
 - Level 3.6 Dodging
 - Level 1.2 Stealth


You had 6 spell levels left.
You didn't know any spells.
Your spell library was empty.

Inventory:

Hand Weapons
 a - a +0 heavy shortbow (weapon)
Armour
 f - a +0 cloak (worn)
 g - a +0 ring mail (worn)
 p - a +0 pair of boots
Jewellery
 h - a ring of fire
 n - an amulet of guardian spirit
Wands
 c - a wand of iceblast (10)
 o - a wand of charming (15)
Scrolls
 d - a scroll of brand weapon
 i - a scroll of teleportation
Potions
 b - a potion of enlightenment
 e - a potion of resistance
 j - a potion of mutation
 k - a potion of haste

Dungeon Overview and Level Annotations

Branches:
Dungeon (5/15)
 Temple: D:4-7

Altars:
Ru
Zin

Shops:
D:3 [

Annotations:
D:4 1 transporter, qw's ghost, amateur DEHu


Message History

The scorpion is heavily wounded.
The adder bites you. The adder bites you but does no damage.
You shoot an arrow. The arrow hits the adder!!
You kill the adder!
The scorpion stings you but does no damage.
You shoot an arrow. The arrow hits the scorpion!
You kill the scorpion!
You shoot an arrow. The arrow hits the sleepcap!
The sleepcap is moderately damaged.
The sleepcap closely misses you. The sleepcap barely misses you.
You shoot an arrow. The arrow hits the sleepcap.
The sleepcap is heavily damaged.
The sleepcap closely misses you.
You shoot an arrow. The arrow hits the sleepcap!
You destroy the sleepcap!
The bombardier beetle sprays incendiary fluid at you.
The burning spray hits you.
You are covered in liquid fire!
You shoot an arrow. The arrow hits the bombardier beetle!!
You kill the bombardier beetle!
The liquid fire burns you!
You are on fire!
The liquid fire burns you!
You are on fire!
The liquid fire burns you!
You are on fire!
The liquid fire burns you!
You are on fire!
The liquid fire burns you!
You are on fire!
The liquid fire burns you!
You are on fire!
The liquid fire burns you!
You are on fire!
The liquid fire burns you!
You are on fire!
The liquid fire burns you!
You are on fire!
The liquid fire burns you!
You die...

#.##.#
#####.##.######
#...#.##......#
#..<..#######.# .B
#....#### #.#
....######.......#
#.#
....f..%####.....#
#.# #%##.......#
#.# #@##.#.....#
#.#
..####.#..#######
#.# #........##
#.# ########## #.#
#.# #.# #.. ###


There were no monsters in sight!

Vanquished Creatures
  A black bear (D:5)
  An ogre (D:5)
  3 scorpions
  A bombardier beetle (D:5)
  A gnoll bouda (D:4)
  A hound (D:5)
  An orc priest (D:5)
  A sleepcap (D:5)
  2 orc wizards (D:5)
  5 adders
  3 gnolls (D:4)
  3 dart slugs
  5 orcs (D:5)
  6 bats
  8 endoplasms
  2 giant cockroaches (D:1)
  3 goblins
  7 hobgoblins
  5 jackals
  3 quokkas
  6 ball pythons
  A frilled lizard (D:3)
  6 kobolds
  2 rats
77 creatures vanquished.

Notes
Turn   | Place    | Note
-------+----------+-------------------------------------------
     0 | D:1      | qw the Deep Elf Hunter began the quest for the Orb.
     0 | D:1      | Reached XP level 1. HP: 12/12 MP: 3/3
     0 | D:1      | 0 ||| qw: Version: 0.3-a-155-g5e7d8dd
     0 | D:1      | 0 ||| qw: Game counter: 157
     0 | D:1      | 0 ||| qw: Melee chars always use a shield: true
     0 | D:1      | 0 ||| qw: God list: Okawaru
     0 | D:1      | 0 ||| qw: Allow faded altars: false
     0 | D:1      | 0 ||| qw: Do Orc after clearing Dungeon:15 true
     0 | D:1      | 0 ||| qw: Do second Lair branch before Depths: true
     0 | D:1      | 0 ||| qw: Lair rune preference: random
     0 | D:1      | 0 ||| qw: Goals: Normal
     0 | D:1      | 0 ||| PLANNING D:1-11
   146 | D:1      | Reached skill level 6 in Ranged Weapons
   146 | D:1      | Reached XP level 2. HP: 16/16 MP: 4/4
   719 | D:1      | 719 ||| UPGRADING to +0 cloak.
   724 | D:1      | 724 ||| UPGRADING to +0 ring mail.
   734 | D:1      | 734 ||| DROPPING +0 leather armour.
   735 | D:1      | 735 ||| READING 3 scrolls labelled RANORY TASUHEA.
   735 | D:1      | 735 ||| BRANDING +0 shortbow.
   736 | D:1      | 736 ||| READING 2 scrolls of brand weapon.
   736 | D:1      | 736 ||| BRANDING +0 shortbow of flaming.
   737 | D:1      | 737 ||| READING scroll labelled OJOLEI TUMPYISH.
   738 | D:1      | 738 ||| DROPPING scroll of butterflies.
   822 | D:2      | Reached XP level 3. HP: 20/20 MP: 5/5
   898 | D:2      | 898 ||| FLEEEEING.
   899 | D:2      | 899 ||| FLEEEEING.
   900 | D:2      | 900 ||| STAIRDANCE
   923 | D:1      | 923 ||| READING scroll of identify.
   923 | D:1      | 923 ||| IDENTIFYING purple potion
   924 | D:1      | 924 ||| READING scroll labelled WINAISI DOIN.
  1025 | D:1      | 1025 ||| READING scroll labelled ZYGOLIHOJI.
  1026 | D:1      | 1026 ||| READING scroll labelled NAYDGH CUFUAGOAGU.
  1027 | D:1      | 1027 ||| DRINKING 2 sapphire potions.
  1028 | D:1      | 1028 ||| DROPPING potion of attraction.
  1137 | D:2      | Reached skill level 7 in Ranged Weapons
  1153 | D:2      | Found a faded altar of an unknown god.
  1452 | D:2      | 1452 ||| READING scroll labelled ARAOZX WIDO.
  1455 | D:2      | 1455 ||| READING scroll labelled QAFYUZXAE KETWE.
  1456 | D:2      | 1456 ||| DRINKING 2 glowing cyan potions.
  1501 | D:2      | 1501 ||| DRINKING 2 viscous blue potions.
  1501 | D:2      | Gained mutation: You are agile. (Dex +4, Str/Int -1)
                  | [potion of mutation]
  1501 | D:2      | Gained mutation: You are partially covered in iridescent
                  | scales. (AC +2) [potion of mutation]
  1501 | D:2      | Gained mutation: You have large cloven feet. [potion of
                  | mutation]
  1502 | D:2      | 1502 ||| DROPPING potion of lignification.
  1648 | D:3      | Reached XP level 4. HP: 25/25 MP: 6/6
  1954 | D:3      | Found a sacrificial altar of Ru.
  2102 | D:3      | Found Wyceum's Armour Emporium.
  2111 | D:3      | 2111 ||| SHOPLISTING +2 hat (224 gold, have 123).
  2111 | D:3      | 2111 ||| SHOPLISTING +3 leather armour of cold resistance
                  | (336 gold, have 123).
  2242 | D:3      | Found a glowing silver altar of Zin.
  2416 | D:3      | 2416 ||| DROPPING ring of wizardry.
  2417 | D:3      | 2417 ||| READING scroll of identify.
  2417 | D:3      | 2417 ||| IDENTIFYING white potion
  2474 | D:4      | Noticed a scorpion
  2475 | D:4      | 2475 ||| ZAPPING wand of iceblast (11) at -3,-5 (scorpion;
                  | floor).
  2477 | D:4      | Killed a scorpion
  2478 | D:4      | Reached skill level 8 in Ranged Weapons
  2478 | D:4      | Reached XP level 5. HP: 29/29 MP: 7/7
  2675 | D:4      | Reached skill level 9 in Ranged Weapons
  3083 | D:4      | Found a transporter.
  3086 | D:4      | Noticed an ogre
  3086 | D:4      | Noticed qw's ghost (amateur DEHu)
  3087 | D:4      | Identified the +7 great mace "Killer Klown's Doom" {freeze,
                  | SInv}
  3087 | D:4      | Noticed an ogre
  3253 | D:4      | 3253 ||| READING scroll of identify.
  3253 | D:4      | 3253 ||| IDENTIFYING yellow potion
  3286 | D:5      | Entered Level 5 of the Dungeon
  3404 | D:5      | Reached XP level 6. HP: 35/35 MP: 8/8
  3406 | D:5      | Reached skill level 3 in Dodging
  3551 | D:5      | Reached skill level 10 in Ranged Weapons
  3784 | D:5      | 3784 ||| DRINKING fizzy clear potion.
  3785 | D:5      | 3785 ||| DRINKING sedimented emerald potion.
  3803 | D:5      | 3803 ||| FLEEEEING.
  3804 | D:5      | 3804 ||| FLEEEEING.
  3809 | D:5      | Reached XP level 7. HP: 22/33 MP: 9/9
  3909 | D:5      | 3909 ||| RETREEEEATING.
  3912 | D:5      | 3912 ||| RETREEEEATING.
  3929 | D:5      | HP: 7/39 [burnt (3)]
  3931 | D:5      | HP: 2/39 [burnt (4)]
  3932 | D:5      | Incinerated by a bombardier beetle

Levels and vault maps discovered:
D:1:      eino_arrival_druids_welcome, layout_loops_ring,
          minmay_misc_feat_enclosed
D:2:      layout_rooms, nicolae_ecumenical_oubliette, kennysheep_nondescript,
          minmay_hedge_maze
D:3:      layout_basic, nicolae_ru_sacrificial_ziggurat, zin_treasury,
          serial_shops, nicolae_lakefront_shop
D:4:      layout_basic, gammafunk_ghost_smash, minmay_fountain_box, st_stairs_7
D:5:      layout_basic, st_stairs_5, chequers_avenue

Skill      XL: |  1  2  3  4  5  6 |
---------------+-------------------+-----
Ranged Weapons | 6 7 8 9 10 | 10.6
Fighting       | 2 |  2.0
Dodging        | 3 |  3.6
Armour         | 2 |  2.0
Stealth        | |  1.2

Action                     |  1- 3 |  4- 6 |  7- 9 || total
---------------------------+-------+-------+-------++-------
   Fire: Shortbow          |   152 |    78 |    14 ||   244
  Evoke: Wand              |       |     1 |       ||     1
    Use: Scroll            |     9 |     2 |       ||    11
         Potion            |     3 |     2 |       ||     5
 Armour: Leather armour    |     5 |       |       ||     5
         Ring mail         |     5 |    47 |     6 ||    58
  Dodge: Dodged            |     6 |    27 |     9 ||    42

Table legend:
 A = Non-vault XP
 B = Vault XP
 C = Vault XP percentage of total XP
 D = Non-vault monster count
 E = Vault monster count
 F = Vault count percentage of total count
                 A         B        C        D         E       F
            +---------+---------+-------+---------+---------+-------
      Total |     880 |     103 |  10.5 |      72 |       5 |   6.5
            +---------+---------+-------+---------+---------+-------
        D:1 |      39 |       0 |   0.0 |      22 |       0 |   0.0
        D:2 |      40 |       0 |   0.0 |       9 |       0 |   0.0
        D:3 |      50 |       0 |   0.0 |      22 |       0 |   0.0
        D:4 |     180 |       4 |   2.2 |       6 |       2 |  25.0
        D:5 |     571 |      99 |  14.8 |      13 |       3 |  18.8
            +---------+---------+-------+---------+---------+-------
